 Dungeon Crawl Stone Soup version 0.17.1-2-g5865329 (webtiles) character file.

113 Mysteryquy the Changer (level 4, 0/35 HPs)
             Began as a Draconian Transmuter on Jan 10, 2016.
             Killed by nerve-wracking pain
             ... invoked by an orc priest
              (8 damage)
             ... on level 3 of the Dungeon.
             The game lasted 00:04:58 (2800 turns).

Mysteryquy the Changer (Draconian Transmuter)       Turns: 2800, Time: 00:04:58

Health: 0/35       AC:  6    Str: 13    XL:     4   Next: 65%
Magic:  1/7        EV: 12    Int: 14    God:
Gold:   23         SH:  0    Dex: 11    Spells: 2 memorised, 3 levels left

rFire  . . .     SeeInvis .       - Unarmed
rCold  . . .     Clarity  .     (armour unavailable)
rNeg   . . .     SustAt   .     (no shield)
rPois  .         Gourm    .     (helmet restricted)
rElec  .         Spirit   .     (no cloak)
rCorr  .         Warding  .     c - +0 pair of gloves
rMut   .         Stasis   .     (boots currently unavailable)
MR     .....                    (no amulet)
Stlth  +.........               (no ring)
                                (no ring)

@: appendage, very slightly contaminated, not resistant to hostile enchantments,
very unstealthy
A: unfitting armour, talons 3, cold-blooded, AC +5
a: End Transformation


You were on level 3 of the Dungeon.
You were not hungry.
You had grown temporary talons.
You visited 1 branch of the dungeon, and saw 3 of its levels.

You collected 23 gold pieces.

Inventory:

Missiles
 a - 33 arrows
Armour
 c - a +0 pair of gloves (worn)
Jewellery
 k - an uncursed ring of wizardry {unknown}
Scrolls
 e - 8 scrolls of identify {unknown}
Potions
 f - a potion of haste {unknown}
 g - a potion of mutation {unknown}
 h - a potion of resistance {unknown}
 i - a potion of flight {unknown}
 l - a potion of brilliance {unknown}
Books
 b - a book of Changes

   Spells                             Type                      Level
   a - Beastly Appendage              Transmutation                1
   b - Sticks to Snakes               Transmutation                2
   c - Spider Form                    Transmutation/Poison         3
   d - Ice Form                       Ice/Transmutation            4
   e - Blade Hands                    Transmutation                5
Comestibles
 d - a bread ration


   Skills:
 - Level 1.1 Fighting
 - Level 1.7 Dodging
 - Level 3.0 Unarmed Combat
 - Level 2.0 Spellcasting
 + Level 4.9 Transmutations


You had 3 spell levels left.
You knew the following spells:

 Your Spells              Type           Power        Failure   Level  Hunger
a - Beastly Appendage     Trmt           ###...       3%          1    ##.....
b - Spider Form           Trmt/Pois      #.........   30%         3    ####...


Dungeon Overview and Level Annotations

Branches:
Dungeon (3/15)

Altars:
Cheibriados
Okawaru
Sif Muna
Zin
The Shining One


Innate Abilities, Weirdness & Mutations

Your plain brown scales are hard (AC +5).
Your body does not fit into most forms of armour.
You are cold-blooded and may be slowed by cold attacks.
You have claws for feet.


Message History

The orc priest looks braver for a moment.
The orc hits you with a club.
You closely miss the orc priest.
You claw the orc priest, but do no damage.
Your tail-slap misses the orc priest.
The orc misses you.
The orc priest hits you but does no damage.
The orc hits you but does no damage.
You hit the orc priest but do no damage.
The orc hits you with a flail. The orc priest closely misses you.
The orc barely misses you.
You closely miss the orc priest. The orc misses you.
The orc priest calls down the wrath of Beogh upon you.
Something smites you!
* * * LOW HITPOINT WARNING * * *
You barely miss the orc priest.
You claw the orc priest, but do no damage.
The orc completely misses you.
The orc priest invokes the aid of Beogh against you.
Pain shoots through your body!
You die...

#o.. #.# #####..#
##.##
.......#######...####
#####..).##.........#
#..#)...........#
#..###..........#
.................#
###.#####....oo...#
#. #.##.o@#### ..
#.##.### .# #.##.#
#....# #..... #......
#......# ########


You could see an orc priest and 2 orcs.

Vanquished Creatures
  7 adders
  An ooze (D:1)
  2 worms
  3 giant geckos
  3 orcs
  A ball python (D:2)
  A giant cockroach (D:2)
  2 hobgoblins
  3 jackals (D:2)
  6 kobolds
  A quokka (D:2)
  7 bats
  A giant newt (D:2)
  3 goblins
  2 rats
43 creatures vanquished.

Notes
Turn   | Place    | Note
--------------------------------------------------------------
     0 | D:1      | Mysteryquy the Draconian Transmuter began the quest for the Orb.
     0 | D:1      | Reached XP level 1. HP: 16/16 MP: 3/3
   310 | D:1      | Reached XP level 2. HP: 21/23 MP: 5/5
   926 | D:2      | Found a glowing golden altar of the Shining One.
   928 | D:2      | Found a glowing silver altar of Zin.
   928 | D:2      | Found an iron altar of Okawaru.
   936 | D:2      | Found a deep blue altar of Sif Muna.
   936 | D:2      | Found a snail-covered altar of Cheibriados.
  1056 | D:2      | Reached XP level 3. HP: 25/28 MP: 4/6
  1574 | D:2      | Reached skill level 4 in Transmutations
  1917 | D:2      | HP: 1/28 [poisoned by an adder]
  1926 | D:2      | Reached XP level 4. HP: 10/35 MP: 7/7
  2214 | D:2      | Learned a level 3 spell: Spider Form
  2800 | D:3      | Killed from afar by an orc priest

Action                   |  1- 3 |  4- 6 || total
-------------------------+-------+-------++-------
Melee: Unarmed           |   172 |    43 ||   215
 Cast: Beastly Appendage |    13 |     5 ||    18
       Spider Form       |       |     1 ||     1
  Use: Potion            |     2 |       ||     2
 Stab: Sleeping          |     2 |     1 ||     3
  Eat: Chunk             |     3 |       ||     3
       Bread ration      |       |     1 ||     1
